 Dungeon Crawl Stone Soup version 0.29.1-15-g9cfb28693d (webtiles) character file.

Game seed: 11052091057086252218

220 growler the Insei (level 5, -2/37 HPs)
             Began as a Merfolk Transmuter on Apr 28, 2023.
             Slain by an ice beast (13 damage)
             ... on level 5 of the Dungeon.
             The game lasted 00:06:56 (3169 turns).

growler the Insei (Merfolk Transmuter)              Turns: 3169, Time: 00:06:56

Health: -2/37      AC:  2    Str: 10    XL:     5   Next: 97%
Magic:  6/9        EV: 20    Int: 20    God:
Gold:   106        SH:  0    Dex: 20    Spells: 0/10 levels left

rFire   . . .      SeeInvis .     - Unarmed
rCold   . . .      Faith    .   (shield currently unavailable)
rNeg    . . .      Spirit   .   (body armour currently unavailable)
rPois   x          Reflect  .   (helmet currently unavailable)
rElec   .          Harm     .   (cloak currently unavailable)
rCorr   .          Rampage  .   (gloves currently unavailable)
Will    .....                   (boots currently unavailable)
Stlth   ++........              (no amulet)
HPRegen 0.12/turn               p - +4 ring of slaying
MPRegen 0.11/turn               n - +6 ring of intelligence

@: spider-form (expiring)
A: venomous fangs, tiny, (nimble swimmer 2), (mertail)
a: End Transformation


You were on level 5 of the Dungeon.
You were a venomous arachnid creature.
You visited 1 branch of the dungeon, and saw 4 of its levels.

You collected 106 gold pieces.

Inventory:

Armour
 a - a +0 robe (melded)
Jewellery
 i - a ring of protection from cold
 m - an amulet of guardian spirit
 n - a +6 ring of intelligence (right front leg)
 p - a +4 ring of slaying (left front leg)
 r - a ring of protection from fire
Wands
 l - a wand of charming (8)
Scrolls
 c - 3 scrolls of identify {unknown}
 d - 3 scrolls of teleportation {unknown}
 f - 2 scrolls of blinking {unknown}
 g - a scroll of vulnerability {unknown}
 j - a scroll of enchant weapon {unknown}
 q - a scroll of amnesia {unknown}
 s - a scroll of magic mapping {unknown}
Potions
 b - a potion of lignification
 e - 2 potions of heal wounds {unknown}
 h - 2 potions of brilliance {unknown}
 k - a potion of attraction {unknown}
 o - a potion of mutation {unknown}


   Skills:
 - Level 1.1 Fighting
 - Level 2.6 Dodging
 + Level 6.0 Unarmed Combat
 - Level 3.0 Spellcasting
 - Level 4.0 Transmutations


You couldn't memorise any spells.
You knew the following spells:

 Your Spells              Type           Power      Damage    Failure   Level
a - Beastly Appendage     Tmut           38%        N/A       10%         1
b - Wereblood             Tmut           19%        N/A       13%         2
c - Spider Form           Tmut/Pois      11%        N/A       38%         3
d - Ice Form              Ice/Tmut       11%        N/A       73%         4

Your spell library contained the following spells:

 Spells                   Type           Power      Damage    Failure   Level
 Shock                    Conj/Air       12%        1d3       32%         1
 Swiftness                Air            3%         N/A       61%         3
 Airstrike                Air            1%         2d(1-17)  92%         4


Dungeon Overview and Level Annotations

Branches:
Dungeon (3/15)

Altars:
Okawaru

Shops:
D:1 =   D:2 =


Innate Abilities, Weirdness & Mutations

You are a venomous arachnid creature.
You have poisonous fangs.
You are tiny and dextrous.
Your spellcasting is less reliable in this form.
Your armour is entirely melded.
You are incapable of wielding weapons or throwing items.
((You are very nimble when in or above water. (Stealth+, EV+, Speed+++)))
((Your lower body shifts to a powerful aquatic tail in water.))


Message History

s - a scroll labelled EPIOGITT PUHE An adder comes into view.
The adder hisses angrily.
An adder is nearby!
You grow a pair of large bovine horns.
The adder barely misses you.
You hit the adder.
The adder is moderately wounded.
The adder closely misses you.
You closely miss the adder.
The adder is moderately wounded.
The adder bites you. The adder barely misses you.
You hit the adder. You headbutt the adder!
You kill the adder!
Your Unarmed Combat skill increases to level 6!
No target in view!
Magic restored.
Your transformation is almost over.
An ice beast comes into view.
Casting: Beastly Appendage (safe; 2% risk of failure)
Confirm with . or Enter, or press ? or * to list all spells.
The spell is quite dangerous to miscast (19% risk of failure)!
Continue anyway?
Your horns disappear.
You turn into a venomous arachnid creature.
Your +0 robe melds into your body.
Your transformation is almost over.
The ice beast closely misses you.
You barely miss the ice beast. The ice beast hits you.
The ice beast freezes you!
You bite the ice beast!
The ice beast is moderately wounded.
The ice beast hits you. The ice beast freezes you!
You are too injured to fight recklessly!
You are too injured to fight recklessly!
You barely miss the ice beast.
The ice beast is moderately wounded.
The ice beast hits you.
* * * LOW HITPOINT WARNING * * *
The ice beast freezes you!
You die...

### #.# ## ##
#.##.## ##.
##.....### ..#
##........#
#.####..sY......
#...#.#.........
##...###........
####....#
###......
#......## #.....
####....# #....
###..## #..#
#....## #..#
#...#..## ..#


You could see an ice beast.

Vanquished Creatures
  A necrophage (D:3)
  An orc priest (D:5)
  An orc wizard (D:5)
  5 adders
  3 worms (D:2)
  A dart slug (D:2)
  7 orcs
  2 ball pythons
  6 bats
  4 endoplasms
  A giant cockroach (D:3)
  4 goblins (D:2)
  3 hobgoblins
  2 kobolds (D:2)
  2 quokkas
  A frilled lizard (D:2)
  5 rats
49 creatures vanquished.

Notes
Turn   | Place    | Note
-------+----------+-------------------------------------------
     0 | D:1      | growler the Merfolk Transmuter began the quest for the Orb.
     0 | D:1      | Reached XP level 1. HP: 15/15 MP: 3/3
   251 | D:1      | Reached XP level 2. HP: 16/21 MP: 5/5
   254 | D:1      | Learned a level 2 spell: Wereblood
   375 | D:1      | Found Badghasma's Jewellery Shoppe.
   437 | D:1      | Found a faded altar of an unknown god.
   843 | D:2      | Reached XP level 3. HP: 20/26 MP: 4/6
   847 | D:2      | Learned a level 3 spell: Spider Form
  1132 | D:2      | Found an iron altar of Okawaru.
  1577 | D:2      | Reached skill level 4 in Unarmed Combat
  1743 | D:2      | Reached XP level 4. HP: 32/32 MP: 5/8
  2225 | D:2      | Found Foacoenoe's Jewellery Shoppe.
  2399 | D:3      | Noticed a necrophage
  2407 | D:3      | Killed a necrophage
  2408 | D:3      | Reached skill level 5 in Unarmed Combat
  2408 | D:3      | Reached XP level 5. HP: 22/37 MP: 5/9
  2413 | D:3      | Learned a level 4 spell: Ice Form
  2928 | D:3      | You fall into a shaft and drop 2 floors!
  2928 | D:5      | Entered Level 5 of the Dungeon
  3152 | D:5      | Reached skill level 6 in Unarmed Combat
  3162 | D:5      | Noticed an ice beast
  3169 | D:5      | Slain by an ice beast

Illustrated notes

Levels and vault maps discovered:
D:1:      enne_arrival_octagon_isle, layout_basic,
          hellmonk_ecumenical_altar_zigzags, serial_shops, shop
D:2:      layout_loops_cross, basic_altar, serial_shops, shop,
          minmay_randomly_rotated_circles
D:3:      layout_basic, kennysheep_pointless_box
D:5:      layout_layer_cave

Skill      XL: |  1  2  3  4  5 |
---------------+----------------+-----
Transmutations | 3 4 |  4.0
Unarmed Combat | 4 5 6 |  6.0
Spellcasting   | 3 |  3.0
Fighting       | |  1.1
Dodging        | |  2.6

Action                   |  1- 3 |  4- 6 || total
-------------------------+-------+-------++-------
Melee: Unarmed           |    99 |    63 ||   162
       Headbutt          |    10 |     5 ||    15
       Punch             |     1 |     1 ||     2
 Cast: Beastly Appendage |    10 |     7 ||    17
       Spider Form       |       |     4 ||     4
       Wereblood         |       |     2 ||     2
Armor: Robe              |    14 |    10 ||    24
       Skin              |       |     1 ||     1
Dodge: Dodged            |    59 |    43 ||   102
